 Dungeon Crawl Stone Soup version 0.28-a0-1038-g9c4cb8273d (webtiles) character file.

Game seed: 15135721969619189332

11 mvrnfkv the Sneak (level 2, -1/13 HPs)
             Began as a Spriggan Enchanter on Dec 8, 2021.
             Slain by an adder (3 damage)
             ... on level 2 of the Dungeon.
             The game lasted 00:01:43 (262 turns).

mvrnfkv the Sneak (Spriggan Enchanter)               Turns: 262, Time: 00:01:44

Health: -1/13      AC:  2    Str:  4    XL:     2   Next: 17%
Magic:  7/7        EV: 17    Int: 16    God:
Gold:   0          SH:  0    Dex: 15    Spells: 5/7 levels left

rFire   . . .      SeeInvis +   a - +1 dagger
rCold   . . .      Faith    .   (shield restricted)
rNeg    . . .      Spirit   .   b - +0 robe
rPois   .          Reflect  .   (helmet restricted)
rElec   .          Harm     .   (no cloak)
rCorr   .          Rampage  .   (gloves unavailable)
Will    .....                   (boots unavailable)
Stlth   +++.......              (no amulet)
HPRegen 0.04/turn               (no ring)
MPRegen 0.10/turn               (no ring)

@: very quick
A: very small, no large weapons, unfitting armour, see invisible, speed 3
a: no special abilities


You were on level 2 of the Dungeon.
You visited 1 branch of the dungeon, and saw 2 of its levels.

Inventory:

Hand Weapons
 a - a +1 dagger (weapon)
Armour
 b - a +0 robe (worn)
Scrolls
 d - a scroll of immolation {unknown}
 e - a scroll of holy word {unknown}
Potions
 f - 2 potions of brilliance {unknown}
 g - a potion of attraction {unknown}


   Skills:
 - Level 1.1 Short Blades
 - Level 2.6 Dodging
 - Level 4.4 Stealth
 + Level 3.2 Spellcasting
 + Level 4.1 Hexes


You had 5 spell levels left.
You knew the following spells:

 Your Spells              Type           Power      Damage    Failure   Level
a - Ensorcelled Hibernat  Hex/Ice        18%        N/A       12%         2

Your spell library contained the following spells:

 Spells                   Type           Power      Damage    Failure   Level
 Confusing Touch          Hex            15%        N/A       10%         3
 Tukima's Dance           Hex            15%        N/A       10%         3
 Dazzling Flash           Conj/Hex       18%        N/A       24%         3


Dungeon Overview and Level Annotations

Branches:
Dungeon (2/15)

Altars:


Innate Abilities, Weirdness & Mutations

You are very small and have problems with some larger weapons.
You are too small for most types of armour.
You have supernaturally acute eyesight. (SInv)
You cover ground extremely quickly. (Speed+++)


Message History

Unknown command.
The hobgoblin closely misses you. The quokka misses you.
You see here 12 gold pieces.
The hobgoblin shouts!
The adder hisses angrily.
(D) Dungeon
Where to? (? - help)
There are monsters nearby!
You can't go down here!
Unknown command.
Unknown command.
The adder hisses angrily.
The adder hisses angrily.
The goblin shouts!
You hit the goblin.
The goblin is severely wounded.
The goblin barely misses you.
You hit the goblin.
You kill the goblin!
You hit the rat.
You kill the rat!
You flicker for a moment.
You closely miss the hobgoblin. The hobgoblin hits you.
The adder bites the withered plant.
The withered plant begins to crumble.
You are too injured to fight recklessly!
You are too injured to fight recklessly!
Unknown command.
The bat closely misses you.
There is a stone staircase leading up here.
You flicker back into view.
The bat hits you.
The adder hisses angrily.
You climb upwards.
The frilled lizard misses you. The kobold barely misses you.
There is a stone staircase leading down here.
The frilled lizard closely misses you.
The kobold hits you with a +0 short sword.
* * * LOW HITPOINT WARNING * * *
You climb downwards.
The adder misses you. The adder bites you.
You die...

.............>..##.......#
#.....#####....###.#######
####### ###.....##.#
##.PP.#..##.#
#.P♣..g#.##.#
#..P_.....#.#
#P..P..)#.#.#
#.P..P..#S..#####
##.P.....@.b....#
#.......Kl.###.#
#........#.# #..[.........
#######..#..## ##.##.# #..
.# ##.#..


You could see an adder, a bat, a kobold and a frilled lizard.

Vanquished Creatures
  2 endoplasms (D:1)
  A goblin (D:2)
  A hobgoblin (D:1)
  A quokka (D:2)
  3 ball pythons
  A frilled lizard (D:1)
  A rat (D:2)
10 creatures vanquished.

Vanquished Creatures (others)
  2 withered plants (D:2)
2 creatures vanquished.

Grand Total: 12 creatures vanquished

Notes
Turn   | Place    | Note
-------+----------+-------------------------------------------
     0 | D:1      | mvrnfkv the Spriggan Enchanter began the quest for the Orb.
     0 | D:1      | Reached XP level 1. HP: 9/9 MP: 5/5
   130 | D:2      | Found a faded altar of an unknown god.
   164 | D:2      | Reached XP level 2. HP: 7/13 MP: 7/7
   167 | D:2      | Learned a level 2 spell: Ensorcelled Hibernation
   262 | D:2      | Slain by an adder

Illustrated notes

Levels and vault maps discovered:
D:1:      sevenhm_arrival_forest_fort_large_4, layout_loops_ring, st_stairs_5,
          chequers_serial_rivers_room_a
D:2:      layout_basic, ebering_ecumenical_altar_petrified

Skill      XL: |  1 |
---------------+----+-----
Spellcasting   | 3 |  3.2
Hexes          | 4 |  4.1
Short Blades   | |  1.1
Dodging        | |  2.6
Stealth        | |  4.4

Action                   || total
-------------------------++-------
Melee: Dagger            ||    20
 Cast: Ensorcelled Hiber ||     1
  Use: Potion            ||     1
 Stab: Sleeping          ||     5
Dodge: Dodged            ||    29

Table legend: (Time is in decaauts)
 A = Elapsed time spent in this place.
 B = Non-inter-level travel time spent in this place.
 C = Inter-level travel time spent in this place.
 D = Time resting spent in this place.
 E = Time spent auto-exploring this place.
 F = Levels seen in this place.
 G = Mean time per level.
                   A        B        C        D        E       F      G
               +--------+--------+--------+--------+--------+-----+--------+
         Total |    173 |    173 |      0 |      7 |     44 |   2 |   86.5 |
       Dungeon |    173 |    173 |      0 |      7 |     44 |   2 |   86.5 |
               +--------+--------+--------+--------+--------+-----+--------+

Top non-repeatable levels by time:
     D:1: 86 daAuts
     D:2: 86 daAuts
